 Dungeon Sprint DCSS version 0.29.1-2-gbd0b4ee654 (webtiles) character file.

Game seed: 1147840865366940975

9627 boopmooplesden the Executioner (level 11, -17/119 HPs)
             Began as a Minotaur Berserker on Nov 21, 2022.
             Was the Champion of Trog.
             Demolished by a large abomination (27 damage)
             ... while paralysed by a great orb of eyes
             ... in the Dungeon (Sprint VII: "The Pits").
             The game lasted 00:04:21 (2903 turns).

boopmooplesden the Executioner (Minotaur Berserker) Turns: 2903, Time: 00:04:22

Health: -17/119    AC: 18    Str: 24    XL:     11   Next: 25%
Magic:  3/10       EV:  2    Int:  4    God:    Trog [******]
Gold:   0          SH:  0    Dex: 12    Spells: 10/10 levels left

rFire   + . .      SeeInvis .   b - +3 hand axe of a Billion Quests {flame, rF+}
rCold   . . .      Faith    .   (no shield)
rNeg    . . .      Spirit   .   r - +4 chain mail
rPois   .          Reflect  .   (helmet restricted)
rElec   .          Harm     .   s - +0 cloak
rCorr   .          Rampage  .   (no gloves)
Will    .....      NoTele   +   (no boots)
Stlth   ..........              (no amulet)
HPRegen 0.29/turn               (no ring)
MPRegen 0.12/turn               (no ring)

@: paralysed, lethally poisoned (-17 -> -20), on berserk cooldown, slowed
A: horns 2, retaliatory headbutt
a: Renounce Religion, Berserk, Trog's Hand, Brothers in Arms


You were in the Dungeon.
You worshipped Trog.
Trog was exalted by your worship.
You visited 1 branch

Inventory:

Hand Weapons
 a - a +0 hand axe
 b - the +3 hand axe of a Billion Quests (weapon) {flame, rF+}
   (Trog gifted it to you in the Dungeon)

   It burns those it strikes, dealing additional fire damage.
   Big, fiery blades are also staple armaments of hydra-hunters.
   rF:        It protects you from fire.
 i - a +2 hand axe
 l - a +2 vorpal executioner's axe
 m - a +0 hand axe of freezing
 n - a +2 antimagic battleaxe
 t - a +2 vorpal war axe
 u - the +5 broad axe of the Scroll {antimagic, rCorr}
   (Trog gifted it to you in the Dungeon)

   It reduces the magical energy of the wielder, and disrupts the spells and
   magical abilities of those it strikes.
   Natural abilities and divine invocations are not affected.
   rCorr:     It protects you from acid and corrosion.
Armour
 r - a +4 chain mail (worn)
 s - a +0 cloak (worn)
Jewellery
 o - a +3 ring of dexterity
 p - a +3 ring of evasion
Scrolls
 h - a scroll of blinking
 k - a scroll of summoning
Potions
 c - 7 potions of curing
 d - 12 potions of heal wounds
 e - 2 potions of haste
 f - 4 potions of magic
 g - 4 potions of berserk rage
 j - 2 potions of invisibility
 q - a potion of might


   Skills:
 + Level 18.2 Fighting
 + Level 22.1 Axes
 + Level 14.2 Armour
 + Level 8.0 Dodging
 + Level 2.0 Stealth


You had 10 spell levels left.
You didn't know any spells.
Your spell library was empty.

Dungeon Overview and Level Annotations

Branches:
Dungeon (1/1)

Altars:


Innate Abilities, Weirdness & Mutations

You have a pair of horns on your head.
You reflexively headbutt those who attack you in melee.


Message History

You destroy the flying skull!
Trog accepts your kill. Trog grants you a weapon!
Something appears at your feet!
You see here a +5 broad axe.
You slash the kobold brigand! You burn the kobold brigand.
You slash the great orb of eyes! You burn the great orb of eyes.
You are no longer berserk.
You are exhausted.
You feel as though you will be slow longer.
You feel sick. The kobold brigand misses you.
The great orb of eyes barely misses you.
You hit the great orb of eyes but do no damage.
The great orb of eyes is moderately wounded.
You hit the large abomination but do no damage.
You hit the kobold brigand but do no damage.
You feel sick. The large abomination hits you!
The kobold brigand hits you but does no damage.
The great orb of eyes bites you!
You hit the great orb of eyes but do no damage.
You headbutt the great orb of eyes.
The great orb of eyes is heavily wounded.
You slash the kobold brigand! You burn the kobold brigand.
You hit the large abomination. You burn the large abomination.
You feel sick.
The large abomination hits you but does no damage.
The great orb of eyes gazes at you.
You suddenly lose the ability to move!
The kobold brigand hits you with a +0 short sword.
You feel sick. The large abomination hits you!!
* * * LOW HITPOINT WARNING * * *
The kobold brigand hits you but does no damage.
The great orb of eyes bites you.
* * * LOW HITPOINT WARNING * * *
You feel sick.
The large abomination barely misses you.
The kobold brigand hits you with a +0 short sword.
* * * LOW HITPOINT WARNING * * *
The great orb of eyes bites you.
* * * LOW HITPOINT WARNING * * *
You feel sick. The large abomination hits you!!
You die...

...'....###...# ....##
...###...#...# .....#
.))'.##÷....####....####
#'##.)##)..##..##..##..##
)..##..'...#............#
....#..#...#....#..#....##
....'..'...'.....)........
....#..#..)#...†#K.#....#
...##..'..)#....@X......#
#'##..##...##..##G.##..##
...+.##.....####....# ##
...###...#...##......#
...+....###...##....##
######## ###########


You could see a great orb of eyes, a large abomination and a kobold brigand.

Vanquished Creatures
  A deep troll (D)
  A flayed ghost (D)
  5 harpies (D)
  An eye of devastation (D)
  2 orange demons (D)
  A cane toad (D)
  An efreet (D)
  A yaktaur (D)
  A freezing wraith (D)
  A komodo dragon (D)
  2 hellwings (D)
  A red devil (D)
  5 blink frogs (D)
  A snapping turtle (D)
  A jumping spider (D)
  3 flying skulls (D)
  A ynoxinul (D)
  2 redbacks (D)
  A warg (D)
  Duvessa (D)
  2 floating eyes (D)
  An ice beast (D)
  A kobold brigand (D)
  A gnoll sergeant (D)
  A necrophage (D)
  A scorpion (D)
  6 killer bees (D)
  A crimson imp (D)
  2 jellies (D)
  A quasit (D)
  2 gnoll boudas (D)
  3 hell rats (D)
  A mummy (D)
  11 gnolls (D)
  An adder (D)
  A white imp (D)
  An ufetubus (D)
  2 orcs (D)
  An endoplasm (D)
  A goblin (D)
  3 jackals (D)
  2 kobolds (D)
  A rat (D)
80 creatures vanquished.

Notes
Turn   | Place    | Note
-------+----------+-------------------------------------------
     0 | D        | boopmooplesden the Minotaur Berserker began the quest for
                  | the Orb.
     0 | D        | Reached XP level 1. HP: 19/19 MP: 0/0
    42 | D        | Noticed a scorpion
    51 | D        | Reached skill level 4 in Axes
    55 | D        | Reached ** piety under Trog
    58 | D        | Killed a scorpion
    59 | D        | Reached skill level 6 in Axes
    59 | D        | Reached XP level 2. HP: 13/31 MP: 1/1
    59 | D        | Reached XP level 3. HP: 16/38 MP: 2/2
   272 | D        | Noticed a floating eye
   273 | D        | Noticed a floating eye
   275 | D        | Paralysed by a floating eye for 4 turns
   281 | D        | Killed a floating eye
   281 | D        | Reached *** piety under Trog
   282 | D        | Reached skill level 8 in Axes
   282 | D        | Reached XP level 4. HP: 49/49 MP: 3/3
   282 | D        | Reached XP level 5. HP: 56/56 MP: 4/4
   282 | D        | Killed a floating eye
   283 | D        | Reached skill level 10 in Fighting
   283 | D        | Reached skill level 10 in Axes
   283 | D        | Reached skill level 5 in Dodging
   432 | D        | Noticed a flying skull
   437 | D        | Reached XP level 6. HP: 43/66 MP: 5/5
   441 | D        | Reached skill level 5 in Armour
   441 | D        | Killed a flying skull
   441 | D        | Reached **** piety under Trog
   442 | D        | Reached skill level 11 in Axes
   678 | D        | Reached skill level 12 in Axes
   681 | D        | Reached ***** piety under Trog
   682 | D        | Reached XP level 7. HP: 75/75 MP: 6/6
   730 | D        | Noticed Duvessa
   738 | D        | Killed Duvessa
   739 | D        | Reached skill level 13 in Axes
   970 | D        | Received a gift from Trog
  1584 | D        | Noticed a jumping spider
  1593 | D        | Received a gift from Trog
  1603 | D        | Killed a jumping spider
  1604 | D        | Reached skill level 14 in Axes
  1604 | D        | Reached XP level 8. HP: 71/86 MP: 2/7
  1653 | D        | Noticed a harpy
  1653 | D        | Noticed a harpy
  1653 | D        | Noticed a harpy
  1654 | D        | Noticed a harpy
  1658 | D        | Noticed a harpy
  1660 | D        | Killed a harpy
  1661 | D        | Reached skill level 15 in Axes
  1661 | D        | Killed a harpy
  1661 | D        | Killed a harpy
  1662 | D        | Reached skill level 16 in Axes
  1662 | D        | Reached skill level 10 in Armour
  1662 | D        | Reached XP level 9. HP: 95/96 MP: 2/8
  1664 | D        | Noticed a komodo dragon
  1665 | D        | Killed a harpy
  1666 | D        | Reached skill level 17 in Axes
  1666 | D        | Reached ****** piety under Trog
  1666 | D        | Killed a harpy
  1667 | D        | Reached skill level 15 in Fighting
  1667 | D        | Reached skill level 18 in Axes
  1819 | D        | Noticed a hellwing
  1824 | D        | Killed a komodo dragon
  1827 | D        | Killed a hellwing
  1828 | D        | Reached XP level 10. HP: 76/107 MP: 3/9
  1947 | D        | Identified the +3 hand axe of a Billion Quests {flame, rF+}
                  | (Trog gifted it to you in the Dungeon)
  1947 | D        | Received a gift from Trog
  2007 | D        | Received a gift from Trog
  2008 | D        | Reached skill level 19 in Axes
  2417 | D        | Noticed a flayed ghost
  2418 | D        | Killed a flayed ghost
  2435 | D        | Reached skill level 20 in Axes
  2435 | D        | Identified the +5 broad axe of the Scroll {antimagic,
                  | rCorr} (Trog gifted it to you in the Dungeon)
  2435 | D        | Received a gift from Trog
  2436 | D        | Reached skill level 1 in Stealth
  2447 | D        | Noticed an eye of devastation
  2559 | D        | Killed an eye of devastation
  2566 | D        | Noticed an orange demon
  2570 | D        | Noticed a cane toad
  2571 | D        | Killed an orange demon
  2572 | D        | Noticed a deep troll
  2579 | D        | Killed a cane toad
  2585 | D        | Reached skill level 21 in Axes
  2587 | D        | Killed a deep troll
  2588 | D        | Reached XP level 11. HP: 81/118 MP: 10/10
  2843 | D        | Received a gift from Trog
  2884 | D        | Noticed a great orb of eyes
  2888 | D        | Noticed a large abomination
  2892 | D        | Paralysed by a great orb of eyes for 3 turns
  2896 | D        | Reached skill level 22 in Axes
  2898 | D        | Received a gift from Trog
  2900 | D        | Paralysed by a great orb of eyes for 5 turns
  2903 | D        | Demolished by a large abomination

Illustrated notes

Levels and vault maps discovered:
D:        pitsprint [storerooms_1, entrance_room_1, metal_vault_6, armoury_1,
          mini_pit_1, grid_room_1, main_hall_1, silver_pit, the_coven_1,
          the_vestibule_1, steel_vault_2, golden_pit, hallway_of_sentries,
          crystal_vault_4, iron_vault_1, final_vault]

Skill      XL: |  1  2  3  4  5  6  7  8  9 10 11 |
---------------+----------------------------------+-----
Fighting       | 6 8 10 11 13 14 15 17 18 | 18.2
Axes           | 6 8 10 12 14 16 18 21 22 | 22.1
Armour         | 3 4 5 7 10 11 13 14 | 14.2
Dodging        | 3 4 5 6 7 8 |  8.0
Stealth        | 1 2 |  2.0

Action                   |  1- 3 |  4- 6 |  7- 9 | 10-12 || total
-------------------------+-------+-------+-------+-------++-------
Melee: Hand axe          |    16 |    21 |    22 |    23 ||    82
       Headbutt          |     1 |     3 |    10 |    24 ||    38
       Battleaxe         |       |       |    33 |    14 ||    47
       Executioner's axe |       |       |       |    47 ||    47
Invok: Berserk           |     2 |     2 |     4 |     4 ||    12
Armor: Animal skin       |     3 |       |       |       ||     3
       Chain mail        |       |    11 |    38 |    42 ||    91
Dodge: Dodged            |     9 |    16 |    35 |    52 ||   112
